 Dungeon Crawl Stone Soup version 0.31-a0-836-g3ceb0a68c4 (webtiles) character file.

Game seed: 9861983752700614832

597 GilGalad the Trooper (level 7, -6/62 HPs)
             Began as a Minotaur Fighter on Sept 25, 2023.
             Was an Initiate of Gozag.
             Mangled by an orc
             ... wielding a +2 war axe of electrocution
              (18 damage)
             ... on level 4 of the Dungeon on Sept 27, 2023.
             The game lasted 00:06:27 (3054 turns).

GilGalad the Trooper (Minotaur Fighter)             Turns: 3054, Time: 00:06:28

Health: -6/62      AC:  7    Str: 28    XL:     7   Next: 17%
Magic:  6/6        EV:  9    Int:  5    God:    Gozag
Gold:   501        SH:  5    Dex: 10    Spells: 6/6 levels left

rFire   . . .        a - +0 war axe
rCold   . . .        c - +0 buckler
rNeg    . . .        b - +0 scale mail
rPois   .            (helmet restricted)
rElec   .            (no cloak)
rCorr   .            (no gloves)
SInv    .            (no boots)
Will    .....        (no amulet) Stlth
                     q - +6 ring of strength
HPRegen 0.30/turn    p - ring of flight
MPRegen 0.10/turn

%: no passive effects
@: gold aura, flying
A: horns 2, retaliatory headbutt
a: Renounce Religion, Potion Petition, Call Merchant, Bribe Branch


You were on level 4 of the Dungeon.
You worshipped Gozag.
Gozag was pleased with you.
You visited 1 branch of the dungeon, and saw 4 of its levels.

You collected 521 gold pieces.
You paid 20 gold pieces to Gozag.

Inventory:

Hand Weapons
 a - a +0 war axe (weapon)
Missiles
 t - 3 curare-tipped darts
Armour
 b - a +0 scale mail (worn)
 c - a +0 buckler (worn)
 s - an orb of guile
Jewellery
 i - a ring of ice
 n - an amulet of magic regeneration
 p - a ring of flight (right hand)
 q - a +6 ring of strength (left hand)
Talismans
 m - a serpent talisman
Wands
 w - a wand of roots (12)
Scrolls
 g - 3 scrolls of teleportation {unknown}
 h - a scroll of brand weapon {unknown}
 k - 3 scrolls of identify {unknown}
 o - a scroll of blinking {unknown}
 u - a scroll of revelation {unknown}
 x - a scroll of fear {unknown}
Potions
 d - a potion of might
 e - a potion of berserk rage {unknown}
 f - a potion of ambrosia {unknown}
 j - a potion of cancellation {unknown}
 l - a potion of curing {unknown}
 r - 2 potions of brilliance {unknown}
 v - a potion of lignification {unknown}
 z - a potion of enlightenment {unknown}


   Skills:
 + Level 5.9 Fighting
 + Level 5.1 Axes
 + Level 5.8 Armour
 + Level 5.8 Shields


You had 6 spell levels left.
You didn't know any spells.
Your spell library contained the following spells:

 Spells                   Type           Power      Damage    Failure   Level
 Ozocubu's Armour         Ice            0%         N/A       98%         3
 Manifold Assault         Tloc           0%         N/A       100%        4
 Metabolic Englaciation   Hex/Ice        0%         N/A       100%        5
 Dispersal                Tloc           0%         N/A       100%        6
 Disjunction              Tloc           0%         N/A       100%        8
 Simulacrum               Ice/Necr       Unusable   N/A       N/A         6

Dungeon Overview and Level Annotations

Branches:
Dungeon (4/15)
 Temple: D:4-7

Altars:
Gozag
Kikubaaqudgha
Sif Muna
Xom

Shops:
D:1 [*:*!


Innate Abilities, Weirdness & Mutations

You have a pair of horns on your head.
You reflexively headbutt those who attack you in melee.


Message History

Things that are here:
a +0 rapier; a +1 leather armour of positive energy You now have 501 gold pieces (gained 16).
An orc comes into view. It is wielding a +0 short sword.
The orc shouts!
An orc comes into view. It is wielding a +0 club.
You see here a clear potion.
There are monsters nearby!
z - a clear potion An orc comes into view.
It is wielding a +0 whip.
There are monsters nearby!
An orc comes into view.
It is wielding a +2 war axe of electrocution.
The orc shouts!
You slash the orc!
You kill the orc!
Things that are here:
8 gold pieces; a +0 short sword; a +0 leather armour You slash the orc!
You kill the orc!
You barely miss the orc.
The orc hits you with a +2 war axe of electrocution!
The orc hits you with a +2 war axe of electrocution.
You are electrocuted!
The orc is distracted by your dazzling golden aura.
The orc shouts!
You hit the orc.
The orc is almost dead.
The orc hits you with a +2 war axe of electrocution.
You are electrocuted!!
* * * LOW HITPOINT WARNING * * *
You are too injured to fight recklessly!
The orc attacks as it pursues you! The orc hits you but does no damage.
The orc is no longer distracted by gold.
The orc attacks as it pursues you! You block the orc's attack.
The orc attacks as it pursues you!
The orc hits you with a +2 war axe of electrocution.
* * * LOW HITPOINT WARNING * * *
You are electrocuted!!
You die...
Your body crumbles into a pile of gold.

############# ..#
###...........############...#
............................#
#.......≈≈≈≈≈≈≈..##.$$.....#
###......≈≈≈≈≈≈.....o.####...#
.....>...≈≈_....8.#..## #
###......≈≈≈≈≈≈......#
###.#...≈≈≈≈≈≈≈o#.##
####.)..........@...#
............##....###
####........#####.# #.#......#
#.# ##.#......# #.#
##..#......# #.# #..##......#
###.# #.###......###...###.
##.# #......##..##....#


You could see 2 orcs.

Vanquished Creatures
  Sigmund (D:4)
  Eustachio (D:4)
  A scorpion (D:4)
  2 orc priests (D:4)
  7 gnolls (D:3)
  3 adders
  2 dart slugs
  7 orcs
  4 ball pythons
  3 bats
  7 endoplasms
  4 giant cockroaches
  7 hobgoblins
  11 jackals
  4 quokkas
  3 frilled lizards (D:1)
  7 goblins
  2 kobolds
  3 rats
79 creatures vanquished.

Notes
Turn   | Place    | Note
-------+----------+-------------------------------------------
     0 | D:1      | GilGalad the Minotaur Fighter began the quest for the Orb.
     0 | D:1      | Reached XP level 1. HP: 19/19 MP: 0/0
     8 | D:1      | Found Nusecs's Book Shop.
    53 | D:1      | Found Rerram's General Store.
    84 | D:1      | Reached XP level 2. HP: 27/27 MP: 1/1
    84 | D:1      | Upgraded the game from 0.31-a0-833-gc15d34cb79 to
                  | 0.31-a0-836-g3ceb0a68c4
   108 | D:1      | Found Qeoklus's Antique Armour Boutique.
   334 | D:1      | Found Uddu Wik's Distillery.
   504 | D:1      | Found a transporter.
   506 | D:1      | Found Cunoucroff's Assorted Antiques.
   527 | D:1      | Found a transporter.
   822 | D:2      | Reached XP level 3. HP: 31/33 MP: 2/2
   878 | D:2      | Found an opulent altar of Gozag.
   900 | D:2      | Became a worshipper of Gozag Ym Sagoz the Greedy
  1586 | D:3      | Found a shimmering blue altar of Sif Muna.
  1641 | D:3      | Reached XP level 4. HP: 39/41 MP: 3/3
  1995 | D:3      | Reached XP level 5. HP: 44/47 MP: 4/4
  2205 | D:3      | Found an ancient bone altar of Kikubaaqudgha.
  2516 | D:4      | Reached skill level 5 in Fighting
  2572 | D:4      | Reached skill level 5 in Armour
  2575 | D:4      | Found a shimmering altar of Xom.
  2604 | D:4      | Noticed Sigmund
  2615 | D:4      | Killed Sigmund
  2616 | D:4      | Reached skill level 5 in Shields
  2616 | D:4      | Reached XP level 6. HP: 51/56 MP: 5/5
  2659 | D:4      | Noticed Eustachio
  2917 | D:4      | Killed Eustachio
  2918 | D:4      | Reached skill level 5 in Axes
  2918 | D:4      | Reached XP level 7. HP: 30/62 MP: 6/6
  3054 | D:4      | Mangled by an orc

Illustrated notes

Levels and vault maps discovered:
D:1:      nzn_arrival_water_spiral, layout_basic, serial_shops,
          nicolae_shop_drivethru, shop, shop, nicolae_shop_waterfront, shop,
          roderic_cross_of_infinity
D:2:      layout_basic, basic_altar, minmay_statues_item
D:3:      layout_basic, marbit_many_paths, nicolae_kikubaaqudgha_miasma_corner
D:4:      layout_rooms, mainiacjoe_overflow_catwalk, item_on_display_b,
          uniq_sigmund, uniq_eustachio

Skill      XL: |  1  2  3  4  5  6 |
---------------+-------------------+-----
Fighting       | 4 5 |  5.9
Armour         | 4 5 |  5.8
Shields        | 4 5 |  5.8
Axes           | 3 4 5 |  5.1

Action                     |  1- 3 |  4- 6 |  7- 9 || total
---------------------------+-------+-------+-------++-------
  Melee: War axe           |    70 |    99 |     4 ||   173
         Headbutt          |     7 |    12 |       ||    19
    Use: Potion            |       |     2 |       ||     2
   Stab: Distracted        |       |     2 |       ||     2
 Armour: Scale mail        |    47 |    71 |     5 ||   123
  Dodge: Dodged            |    36 |    36 |       ||    72
  Block: Buckler           |    16 |    23 |     1 ||    40

Table legend: (Time is in decaauts)
 A = Elapsed time spent in this place.
 B = Non-inter-level travel time spent in this place.
 C = Inter-level travel time spent in this place.
 D = Time resting spent in this place.
 E = Time spent auto-exploring this place.
 F = Levels seen in this place.
 G = Mean time per level.
                   A        B        C        D        E       F      G
               +--------+--------+--------+--------+--------+-----+--------+
         Total |   3116 |   3005 |    111 |     27 |   2458 |   4 |  779.0 |
       Dungeon |   3116 |   3005 |    111 |     27 |   2458 |   4 |  779.0 |
               +--------+--------+--------+--------+--------+-----+--------+

Top non-repeatable levels by time:
     D:3: 959 daAuts
     D:1: 789 daAuts
     D:2: 720 daAuts
     D:4: 647 daAuts
